 Dungeon Crawl Stone Soup version 0.18.1-8-gdd0e5ea (webtiles) character file.

302 deorigin the Chiller (level 6, 0/41 HPs)
             Began as a Demonspawn Ice Elementalist on May 31, 2016.
             Killed from afar by an orc wizard (11 damage)
             ... with a puff of flame
             ... on level 5 of the Dungeon.
             The game lasted 00:11:52 (3860 turns).

deorigin the Chiller (Demonspawn Ice Elementalist)  Turns: 3860, Time: 00:11:53

Health: 0/41       AC: 15    Str:  9    XL:     6   Next: 14%
Magic:  7/9        EV: 12    Int: 18    God:
Gold:   139        SH:  0    Dex: 13    Spells: 3 memorised, 1 level left

rFire  . . .     SeeInvis .     B - +1 dagger (venom)
rCold  . . .     Gourm    .     G - +2 robe {rN+}
rNeg   + . .     Faith    .     (no shield)
rPois  .         Spirit   .     (no helmet)
rElec  .         Dismiss  .     (no cloak)
rCorr  .         Reflect  .     (no gloves)
SustAt .         Harm     .     y - +2 pair of boots
MR     .....                    (no amulet)
Stlth  ++........               (no ring)
                                (no ring)

@: icy armour, slow, not resistant to hostile enchantments, unstealthy
A: hooves 1, thin metallic scales 1, demonic guardian 1
a: no special abilities


You were on level 5 of the Dungeon.
You were very hungry.

You visited 1 branch of the dungeon, and saw 5 of its levels.

You collected 139 gold pieces.

Inventory:

Hand Weapons
 g - a +0 club
 n - a +0 dagger of protection
 p - a cursed -3 dagger
 t - a cursed -1 dagger
 B - a +1 dagger of venom (weapon)
 F - a +2 club
Missiles
 h - 64 stones (quivered)
Armour
 a - a +0 robe
 f - a +0 ring mail
 r - a +0 leather armour
 y - a +2 pair of boots (worn)
 C - a +0 helmet
 G - a +2 robe of positive energy (worn)
Jewellery
 l - an uncursed amulet of the gourmand {unknown}
 w - an uncursed ring of protection from cold {unknown}
Wands
 H - a wand of lightning (4/15)
Scrolls
 d - 3 scrolls of identify {unknown}
 i - a scroll of magic mapping {unknown}
 j - a scroll of remove curse {unknown}
 k - a scroll of random uselessness {unknown}
 m - a scroll of fog {unknown}
 v - a scroll of fear {unknown}
 E - a scroll of teleportation {unknown}
 I - a scroll of immolation {unknown}
Potions
 e - 2 potions of curing {unknown}
 q - 2 potions of lignification {unknown}
 s - a potion of cancellation {unknown}
 z - a potion of experience {unknown}
 A - a potion of heal wounds {unknown}
 D - a potion of flight {unknown}
Books
 b - a book of Frost

   Spells                             Type                      Level
   a - Freeze                         Ice                          1
   b - Throw Frost                    Conjuration/Ice              2
   c - Ozocubu's Armour               Charms/Ice                   3
   d - Throw Icicle                   Conjuration/Ice              4
   e - Summon Ice Beast               Ice/Summoning                4
Comestibles
 c - 4 bread rations
 o - 2 beef jerkies
 u - a slice of pizza


   Skills:
 - Level 1.7 Dodging
 - Level 1.7 Stealth
 - Level 2.0 Spellcasting
   Level 1.0 Conjurations
 - Level 3.6 Charms
 + Level 3.1 Summonings
 - Level 3.9 Ice Magic


You had one spell level left.
You knew the following spells:

 Your Spells              Type           Power        Failure   Level  Hunger
a - Freeze                Ice            ###.         4%          1    #......
b - Ozocubu's Armour      Chrm/Ice       ###.....     14%         3    ###....
c - Summon Ice Beast      Ice/Summ       ##......     41%         4    #####..


Dungeon Overview and Level Annotations

Branches:
Dungeon (6/15)
 Temple: D:4-7

Altars:
Elyvilon
Gozag
Zin


Innate Abilities, Weirdness & Mutations

You have large cloven feet.
You are partially covered in thin metallic scales (AC +2).
A weak demonic guardian rushes to your aid.


Message History

You feel a bit more experienced.
The orc wizard mumbles some strange words.
The orc wizard flickers and vanishes!
Deactivating autopickup; reactivate with Ctrl-A.
All of the chunks of flesh in your inventory have rotted away.
Something hits you.
Things that are here:
a dagger; a robe; an orc corpse You hit something but do no damage.
Something hits you but does no damage.
You miss something. Something hits you but does no damage.
You barely miss something. Something hits you.
You hit something. Something hits you but does no damage.
You miss something. Something barely misses you.
You closely miss something. Something hits you.
* * * LOW HITPOINT WARNING * * *
You hit something but do no damage.
You hear some strange, mumbled words.
A puff of flame appears from out of thin air!
The puff of flame hits you!
You die...

#..(.# #.######.#
#....# #.##.....#
#....#####.##.#####
#..........##.#
#....########.#
#....# #.#
#####.########.#
...............#####
...............{@.>#
#####.########.###.#
...# #......#.#
##### #......#.###
#..........#
#..........#
####.......#
#.......# #.......#


There were no monsters in sight!

Vanquished Creatures
  A water moccasin zombie (D:5)
  A crimson imp (D:5)
  An orc wizard (D:5)
  Jessica (D:3)
  Robin (D:3)
  4 adders
  3 oozes
  2 worms (D:2)
  A dart slug (D:2)
  2 giant geckos (D:2)
  A giant cockroach (D:2)
  13 hobgoblins
  16 jackals
  A quokka (D:3)
  2 ball pythons
  5 bats
  5 giant newts
  13 goblins
  8 kobolds
  5 rats
86 creatures vanquished.

Notes
Turn   | Place    | Note
--------------------------------------------------------------
     0 | D:1      | deorigin the Demonspawn Ice Elementalist began the quest for the Orb.
     0 | D:1      | Reached XP level 1. HP: 13/13 MP: 3/3
   173 | D:1      | Gained mutation: You are partially covered in thin metallic scales (AC +2). [demonic ancestry]
   173 | D:1      | Reached XP level 2. HP: 15/19 MP: 3/5
  1031 | D:1      | Reached XP level 3. HP: 24/24 MP: 2/6
  1106 | D:1      | Learned a level 3 spell: Ozocubu's Armour
  1319 | D:2      | Reached skill level 1 in Charms
  1432 | D:2      | Found an opulent altar of Gozag.
  1915 | D:2      | Reached XP level 4. HP: 30/30 MP: 7/7
  2179 | D:2      | Found a glowing silver altar of Zin.
  2179 | D:2      | Found a white marble altar of Elyvilon.
  2662 | D:3      | Noticed Robin
  2836 | D:3      | Killed Robin
  3250 | D:3      | Gained mutation: You have large cloven feet. [demonic ancestry]
  3250 | D:3      | Reached XP level 5. HP: 35/35 MP: 6/8
  3294 | D:3      | Noticed Jessica
  3302 | D:3      | Killed Jessica
  3498 | D:3      | Learned a level 4 spell: Summon Ice Beast
  3636 | D:3      | You fall through a shaft for 3 floors!
  3684 | D:5      | Entered Level 5 of the Dungeon
  3724 | D:5      | Reached skill level 1 in Summonings
  3847 | D:5      | Gained mutation: A weak demonic guardian rushes to your aid. [demonic ancestry]
  3847 | D:5      | Reached XP level 6. HP: 18/41 MP: 5/9
  3860 | D:5      | Killed from afar by an orc wizard

Skill      XL: |  1  2  3  4  5  6 |
---------------+-------------------+-----
Ice Magic      | 3 |  3.9
Charms         | 2 3 |  3.6
Summonings     | 2 3 |  3.1
Dodging        | |  1.7
Stealth        | |  1.7
Spellcasting   | |  2.0
Conjurations   | |  1.0

Action                   |  1- 3 |  4- 6 || total
-------------------------+-------+-------++-------
Melee: Club              |     5 |       ||     5
       Dagger            |    40 |   182 ||   222
Throw: Stone             |    30 |       ||    30
 Cast: Freeze            |    68 |    47 ||   115
       Ozocubu's Armour  |       |     3 ||     3
 Stab: Sleeping          |     1 |     1 ||     2
  Eat: Chunk             |     4 |     7 ||    11
Armor: Robe              |    32 |    92 ||   124
Dodge: Dodged            |    65 |   132 ||   197
